PAAA
PORT ROYAL DISASTER @ TEXAS BRONZE SOX
08/02/2041
 
TOP OF THE 1ST
Port Royal Disaster batting - Pitching for Texas Bronze Sox : LHP Roberto Muñóz
Pitching: LHP Roberto Muñóz
Batting: RHB Jaime Espinar 0-0: Swinging Strike
0-1: Foul Ball, location: 2F
0-2: Ball
1-2: Ball
2-2: SINGLE (Groundball, 5D, EV 105.6 MPH)
Batting: RHB Sean Roberts 0-0: Called Strike
0-1: Ball
1-1: Ball
2-1: Ball
3-1: Base on Balls
Jaime Espinar to second
Batting: RHB Mariano Juderías 0-0: Ball
1-0: DOUBLE (Line Drive, 7LM, EV 100.0 MPH)
Jaime Espinar scores
Sean Roberts to third
Batting: RHB Michael Brannon 0-0: Called Strike
0-1: Ball
1-1: Ground out 5-3 (Groundball, 56S, EV 65.0 MPH)
Sean Roberts scores
Mariano Juderías to third
Batting: RHB Gerold Kent 0-0: Swinging Strike
0-1: Called Strike
0-2: Ball
1-2: Ground out 5-3 (Groundball, 56, EV 90.6 MPH)
Mariano Juderías scores
Batting: RHB Louie Kennard 0-0: Called Strike
0-1: Ground out 4-3 (Groundball, 34, EV 80.6 MPH)
Top of the 1st over - 3 runs, 2 hits, 0 errors, 0 left on base; Port Royal 3 - Texas 0
BOTTOM OF THE 1ST
Texas Bronze Sox batting - Pitching for Port Royal Disaster : RHP Dan Bond
Pitching: RHP Dan Bond
Batting: RHB Urs van Munster 0-0: Ball
1-0: Swinging Strike
1-1: Fly out, F8 (Flyball, 89XD, EV 81.2 MPH)
Batting: RHB Ricardo Mireles 0-0: Fly out, F4 (Popup, 34S, EV 76.9 MPH)
Batting: RHB Jeff Reed 0-0: Ball
1-0: Foul Ball, location: 2F
1-1: Ball
2-1: Called Strike
2-2: Fly out, F7 (Flyball, 7D, EV 99.4 MPH)
Bottom of the 1st over - 0 runs, 0 hits, 0 errors, 0 left on base; Port Royal 3 - Texas 0
TOP OF THE 2ND
Port Royal Disaster batting - Pitching for Texas Bronze Sox : LHP Roberto Muñóz
Batting: RHB Christian Rose 0-0: Called Strike
0-1: Ball
1-1: Ground out 5-3 (Groundball, 5S, EV 86.9 MPH)
Batting: LHB Seung-soo Ch'ae 0-0: Foul Ball, location: 2F
0-1: Ball
1-1: Swinging Strike
1-2: Ground out 1-3 (Groundball, 34S, EV 80.0 MPH)
Batting: LHB Gabriel Amezquita 0-0: Ball
1-0: Ball
2-0: Fly out, F8 (Flyball, 8LD, EV 105.0 MPH)
Top of the 2nd over - 0 runs, 0 hits, 0 errors, 0 left on base; Port Royal 3 - Texas 0
BOTTOM OF THE 2ND
Texas Bronze Sox batting - Pitching for Port Royal Disaster : RHP Dan Bond
Batting: LHB Dave Watts 0-0: Called Strike
0-1: Ball
1-1: Foul Ball, location: 2F
1-2: Ball
2-2: Ball
3-2: SOLO HOME RUN (Line Drive, 78XD, EV 98.8 MPH), Distance : 405 ft
Batting: RHB Mitsuhide Bando 0-0: Foul Ball, location: 2F
0-1: Ball
1-1: Ball
2-1: Foul Ball, location: 2F
2-2: Ground out 6-3 (Groundball, 6, EV 106.9 MPH)
Batting: RHB Jean Couturier 0-0: Ball
1-0: Foul Ball, location: 2F
1-1: Ball
2-1: Ball
3-1: Base on Balls
Batting: RHB Dave Lewis 0-0: Ball
1-0: Ball
2-0: Fly out, F8 (Flyball, 89S, EV 86.2 MPH)
Batting: RHB John Ryan 0-0: Ball
1-0: Fly out, F9 (Flyball, 9D, EV 103.8 MPH)
Bottom of the 2nd over - 1 run, 1 hit, 0 errors, 1 left on base; Port Royal 3 - Texas 1
TOP OF THE 3RD
Port Royal Disaster batting - Pitching for Texas Bronze Sox : LHP Roberto Muñóz
Batting: RHB Jaime Espinar 0-0: Bunt for hit to 3S - play at first, batter safe!
Batting: RHB Sean Roberts 0-0: Ball
1-0: Swinging Strike
1-1: Fly out, F8 (Line Drive, 8RM, EV 87.5 MPH)
Batting: RHB Mariano Juderías 0-0: Called Strike
0-1: Ball
1-1: Fly out, F9 (Flyball, 9S, EV 86.2 MPH)
Batting: RHB Michael Brannon 0-0: Foul Ball, location: 2F
0-1: Foul Ball, location: 2F
0-2: Ball
1-2: Foul Ball, location: 2F
1-2: Ball
2-2: Foul Ball, location: 2F
2-2: SINGLE (Flyball, 9LS, EV 98.8 MPH)
Jaime Espinar to second
Runner from 2nd tries for 3rd, SAFE, throw by RF made to third
Batting: RHB Gerold Kent 0-0: Fly out, F9 (Flyball, 9LM, EV 90.6 MPH)
Top of the 3rd over - 0 runs, 2 hits, 0 errors, 2 left on base; Port Royal 3 - Texas 1
BOTTOM OF THE 3RD
Texas Bronze Sox batting - Pitching for Port Royal Disaster : RHP Dan Bond
Batting: RHB Víctor Murguia 0-0: Ball
1-0: Foul Ball, location: 2F
1-1: Fly out, F8 (Flyball, 8LM, EV 87.5 MPH)
Batting: RHB Urs van Munster 0-0: Ball
1-0: DOUBLE (Line Drive, 9LM, EV 108.1 MPH)
Batting: RHB Ricardo Mireles 0-0: Called Strike
0-1: Ball
1-1: Foul Ball, location: 2F
1-2: Foul Ball, location: 2F
1-2: Foul Ball, location: 2F
1-2: Fly out, F8 (Flyball, 8LXD, EV 87.5 MPH)
Runner from 2nd tags up, SAFE at 3rd, no throw by CF
Batting: RHB Jeff Reed 0-0: Swinging Strike
0-1: Foul Ball, location: 2F
0-2: Ball
1-2: Strikes out looking
Bottom of the 3rd over - 0 runs, 1 hit, 0 errors, 1 left on base; Port Royal 3 - Texas 1
TOP OF THE 4TH
Port Royal Disaster batting - Pitching for Texas Bronze Sox : LHP Roberto Muñóz
Batting: RHB Louie Kennard 0-0: Ball
1-0: Called Strike
1-1: Swinging Strike
1-2: Ball
2-2: Foul Ball, location: 2F
2-2: Hit by Pitch
Batting: RHB Christian Rose 0-0: Fly out, F4 (Popup, 4M, EV 53.1 MPH)
Batting: LHB Seung-soo Ch'ae 0-0: Ball
1-0: Fly out, F8 (Flyball, 8LD, EV 96.2 MPH)
Batting: LHB Gabriel Amezquita 0-0: Called Strike
0-1: Foul Ball, location: 2F
0-2: Hit by Pitch
Louie Kennard to second
Batting: RHB Jaime Espinar 0-0: Ball
1-0: Fielders Choice at 2nd, U6 (Groundball, 6M, EV 91.9 MPH)
Top of the 4th over - 0 runs, 0 hits, 0 errors, 2 left on base; Port Royal 3 - Texas 1
BOTTOM OF THE 4TH
Texas Bronze Sox batting - Pitching for Port Royal Disaster : RHP Dan Bond
Batting: LHB Dave Watts 0-0: Ball
1-0: Swinging Strike
1-1: Swinging Strike
1-2: Strikes out swinging
Batting: RHB Mitsuhide Bando 0-0: Called Strike
0-1: Fly out, F7 (Flyball, 7S, EV 89.4 MPH)
Batting: RHB Jean Couturier 0-0: Ball
1-0: Foul Ball, location: 2F
1-1: Foul Ball, location: 2F
1-2: Ball
2-2: Ball
3-2: Ground out 6-3 (Groundball, 6, EV 86.2 MPH)
Bottom of the 4th over - 0 runs, 0 hits, 0 errors, 0 left on base; Port Royal 3 - Texas 1
TOP OF THE 5TH
Port Royal Disaster batting - Pitching for Texas Bronze Sox : LHP Roberto Muñóz
Batting: RHB Sean Roberts 0-0: Foul Ball, location: 2F
0-1: Foul Ball, location: 2F
0-2: SINGLE (Groundball, 56D, EV 108.8 MPH)
Batting: RHB Mariano Juderías 0-0: Ball
1-0: Ball
2-0: Foul Ball, location: 2F
2-1: Fly out, F3 (Popup, 3SF, EV 76.2 MPH)
Batting: RHB Michael Brannon 0-0: Called Strike
0-1: Ball
1-1: Ball
2-1: Foul Ball, location: 2F
2-2: Ball
3-2: DOUBLE (Line Drive, 89D, EV 110.0 MPH)
Sean Roberts to third
Runner from 3rd tries for Home, SAFE, throw by CF to trailing runner, SAFE at third!
Batting: RHB Gerold Kent 0-0: Ball
1-0: Swinging Strike
1-1: DOUBLE (Line Drive, 89D, EV 113.1 MPH)
Michael Brannon scores
Batting: RHB Louie Kennard 0-0: Ball
1-0: Ground out 4-3 (Groundball, 4MD, EV 86.9 MPH)
Gerold Kent to third
Batting: RHB Christian Rose 0-0: Ball
1-0: Ball
2-0: Fly out, F8 (Flyball, 8RS, EV 88.1 MPH)
Top of the 5th over - 2 runs, 3 hits, 0 errors, 1 left on base; Port Royal 5 - Texas 1
BOTTOM OF THE 5TH
Texas Bronze Sox batting - Pitching for Port Royal Disaster : RHP Dan Bond
Batting: RHB Dave Lewis 0-0: Called Strike
0-1: Ball
1-1: Ball
2-1: Ground out 5-3 (Groundball, 5S, EV 87.5 MPH)
Batting: RHB John Ryan 0-0: Called Strike
0-1: Foul Ball, location: 2F
0-2: Foul Ball, location: 2F
0-2: Ball
1-2: Ball
2-2: Ground out 3-1 (Groundball, 34, EV 102.5 MPH)
Batting: RHB Víctor Murguia 0-0: Swinging Strike
0-1: Ball
1-1: Fly out, F8 (Line Drive, 8LM, EV 92.5 MPH)
Bottom of the 5th over - 0 runs, 0 hits, 0 errors, 0 left on base; Port Royal 5 - Texas 1
TOP OF THE 6TH
Port Royal Disaster batting - Pitching for Texas Bronze Sox : LHP Roberto Muñóz
Batting: LHB Seung-soo Ch'ae 0-0: Fly out, F6 (Popup, 6S, EV 81.9 MPH)
Batting: LHB Gabriel Amezquita 0-0: Ball
1-0: Called Strike
1-1: Fly out, F3 (Line Drive, 3, EV 65.6 MPH)
Batting: RHB Jaime Espinar 0-0: Ball
1-0: SINGLE (Popup, 3D, EV 50.6 MPH)
Pitching: LHP Tony Torres
Batting: RHB Sean Roberts 0-0: Ball
1-0: Ball
2-0: Called Strike
2-1: Foul Ball, location: 2F
2-2: DOUBLE (Line Drive, 78M, EV 105.6 MPH)
Jaime Espinar to third
Runner from 3rd tries for Home, SAFE, throw by LF to home
Batting: RHB Mariano Juderías 0-0: SINGLE (Groundball, 6MD, EV 105.6 MPH)
Sean Roberts to third
Runner from 3rd tries for Home, SAFE, throw by CF to home
Batting: RHB Michael Brannon 0-0: Called Strike
0-1: Swinging Strike
0-2: Ball
1-2: SINGLE (Groundball, 56D, EV 103.1 MPH)
Mariano Juderías to second
Batting: RHB Gerold Kent 0-0: SINGLE (Line Drive, 8RS, EV 103.1 MPH)
Mariano Juderías to third
Michael Brannon to second
Runner from 3rd tries for Home, SAFE, throw by CF to home
Batting: RHB Louie Kennard 0-0: Ball
1-0: Fielders Choice at 2nd, U6 (Groundball, 6M, EV 80.6 MPH)
Top of the 6th over - 3 runs, 5 hits, 0 errors, 2 left on base; Port Royal 8 - Texas 1
BOTTOM OF THE 6TH
Texas Bronze Sox batting - Pitching for Port Royal Disaster : RHP Dan Bond
Batting: RHB Urs van Munster 0-0: Foul Ball, location: 2F
0-1: Ball
1-1: Ball
2-1: Foul Ball, location: 2F
2-2: SOLO HOME RUN (Line Drive, 7D, EV 101.9 MPH), Distance : 370 ft
Batting: RHB Ricardo Mireles 0-0: Called Strike
0-1: Fly out, F2 (Popup, 2L, EV 92.5 MPH)
Batting: RHB Jeff Reed 0-0: SOLO HOME RUN (Line Drive, 7D, EV 108.1 MPH), Distance : 386 ft
Batting: LHB Dave Watts 0-0: Ball
1-0: Called Strike
1-1: Fly out, F7 (Flyball, 7LS, EV 81.2 MPH)
Batting: RHB Mitsuhide Bando 0-0: Ground out 6-3 (Groundball, 56, EV 98.1 MPH)
Bottom of the 6th over - 2 runs, 2 hits, 0 errors, 0 left on base; Port Royal 8 - Texas 3
TOP OF THE 7TH
Port Royal Disaster batting - Pitching for Texas Bronze Sox : LHP Tony Torres
Batting: RHB Christian Rose 0-0: SINGLE (Groundball, 34, EV 81.2 MPH) (infield hit)
Batting: LHB Seung-soo Ch'ae 0-0: Ball
1-0: Swinging Strike
1-1: Ball
2-1: Fly out, F9 (Flyball, 9S, EV 88.1 MPH)
Batting: LHB Gabriel Amezquita 0-0: Ball
1-0: Ball
2-0: Swinging Strike
2-1: Foul Ball, location: 2F
2-2: Foul Ball, location: 2F
2-2: Ball
3-2: Foul Ball, location: 2F
3-2: Ground out 4-3 (Groundball, 4, EV 83.1 MPH)
Christian Rose to second
Batting: RHB Jaime Espinar 0-0: Foul Ball, location: 2F
0-1: Swinging Strike
0-2: Strikes out swinging
Top of the 7th over - 0 runs, 1 hit, 0 errors, 1 left on base; Port Royal 8 - Texas 3
BOTTOM OF THE 7TH
Texas Bronze Sox batting - Pitching for Port Royal Disaster : RHP Dan Bond
Batting: RHB Jean Couturier 0-0: Ball
1-0: Ball
2-0: Called Strike
2-1: Foul Ball, location: 2F
2-2: Ball
3-2: Strikes out swinging
Batting: RHB Dave Lewis 0-0: Called Strike
0-1: Called Strike
0-2: Ball
1-2: Foul Ball, location: 2F
1-2: Fly out, F9 (Flyball, 9S, EV 80.0 MPH)
Batting: RHB John Ryan 0-0: Ball
1-0: Ball
2-0: SINGLE (Flyball, 9S, EV 95.0 MPH)
Batting: RHB Víctor Murguia 0-0: Foul Ball, location: 2F
0-1: Fielders Choice at 2nd, 6-4 (Groundball, 6, EV 103.1 MPH)
Bottom of the 7th over - 0 runs, 1 hit, 0 errors, 1 left on base; Port Royal 8 - Texas 3
TOP OF THE 8TH
Port Royal Disaster batting - Pitching for Texas Bronze Sox : LHP Tony Torres
Batting: RHB Sean Roberts 0-0: Ball
1-0: Ball
2-0: Swinging Strike
2-1: Ball
3-1: Base on Balls
Batting: RHB Mariano Juderías 0-0: Ball
Sean Roberts steals 2nd base
1-0: Ball
2-0: Swinging Strike
2-1: Foul Ball, location: 2F
2-2: Ball
3-2: Base on Balls
Batting: RHB Michael Brannon 0-0: Ball
1-0: Called Strike
1-1: Foul Ball, location: 2F
1-2: Strikes out swinging
Batting: RHB Gerold Kent 0-0: Called Strike
Sean Roberts steals 3rd base
Mariano Juderías to second
0-1: Swinging Strike
0-2: Fly out, F9 (Flyball, 89M, EV 75.6 MPH)
Runner from 3rd tags up, SCORES, no throw by RF
Batting: RHB Louie Kennard 0-0: Ball
1-0: Called Strike
1-1: Ground out 4-3 (Groundball, 4, EV 91.9 MPH)
Top of the 8th over - 1 run, 0 hits, 0 errors, 1 left on base; Port Royal 9 - Texas 3
BOTTOM OF THE 8TH
Texas Bronze Sox batting - Pitching for Port Royal Disaster : RHP Dan Bond
Batting: RHB Urs van Munster 0-0: Ball
1-0: Ground out 1-3 (Groundball, 13S, EV 72.5 MPH)
Pitching: RHP Giddy Potts
Batting: RHB Ricardo Mireles 0-0: Ball
1-0: Swinging Strike
1-1: Ball
2-1: Foul Ball, location: 2F
2-2: Foul Ball, location: 2F
2-2: Ball
3-2: Fly out, F9 (Flyball, 9S, EV 86.2 MPH)
Batting: RHB Jeff Reed 0-0: Fly out, F9 (Flyball, 89S, EV 95.6 MPH)
Bottom of the 8th over - 0 runs, 0 hits, 0 errors, 0 left on base; Port Royal 9 - Texas 3
TOP OF THE 9TH
Port Royal Disaster batting - Pitching for Texas Bronze Sox : LHP Tony Torres
Pitching: RHP Maverick McNealy
Batting: RHB Christian Rose 0-0: Ball
1-0: Swinging Strike
1-1: Foul Ball, location: 2F
1-2: Ground out 1-3 (Groundball, 13, EV 66.2 MPH)
Batting: LHB Seung-soo Ch'ae 0-0: Ball
1-0: Called Strike
1-1: Fly out, F8 (Flyball, 8RM, EV 88.8 MPH)
Batting: LHB Gabriel Amezquita 0-0: Called Strike
0-1: Ball
1-1: Foul Ball, location: 2F
1-2: Ball
2-2: Strikes out swinging
Top of the 9th over - 0 runs, 0 hits, 0 errors, 0 left on base; Port Royal 9 - Texas 3
BOTTOM OF THE 9TH
Texas Bronze Sox batting - Pitching for Port Royal Disaster : RHP Giddy Potts
Batting: LHB Dave Watts 0-0: Called Strike
0-1: Foul Ball, location: 2F
0-2: Foul Ball, location: 2F
0-2: Strikes out swinging
Batting: RHB Mitsuhide Bando 0-0: Ball
1-0: Ball
2-0: Ground out 5-3 (Groundball, 5, EV 101.2 MPH)
Batting: RHB Jean Couturier 0-0: Reached on error, E5 (Groundball, 5S, EV 71.2 MPH)
Batting: RHB Dave Lewis 0-0: Foul Ball, location: 2F
0-1: Ball
1-1: Ball
2-1: Ball
3-1: Called Strike
3-2: Base on Balls
Jean Couturier to second
Batting: RHB John Ryan 0-0: Ball
1-0: Fielders Choice at 2nd, 5-4 (Groundball, 56, EV 86.9 MPH)
Bottom of the 9th over - 0 runs, 0 hits, 1 error, 2 left on base; Port Royal 9 - Texas 3
Tuesday, January 5th, 2021 - OOTP Baseball 20.8 Build 74